 Dungeon Crawl Stone Soup version 0.29-a0-542-g075992c915 (webtiles) character file.

Game seed: 17835926645960038537

2049 xSliceyx the Fighter (level 9, 0/78 (80) HPs)
             Began as a Meteoran Fighter on June 4, 2022.
             Was a Believer of Hepliaklqana.
             Slain by an orc warrior
             ... wielding a +0 war axe
              (8 damage)
             ... on level 7 of the Dungeon.
             The game lasted 00:34:12 (3565 turns).

xSliceyx the Fighter (Meteoran Fighter)             Turns: 3565, Time: 00:34:13

HP:   0/78 (80)     AC: 10    Str: 22    XL:     9   Next: 77%
MP:   10/10         EV:  7    Int:  9    God:    Hepliaklqana [**....]
Gold: 199           SH:  5    Dex: 15    Spells: 8/8 levels left

rFire   . . .      SeeInvis .   F - +1 hand axe (elec)
rCold   . . .      Faith    .   c - +0 buckler
rNeg    . . .      Spirit   .   n - +0 chain mail
rPois   +          Reflect  .   (no helmet)
rElec   .          Harm     .   (no cloak)
rCorr   .          Rampage  .   (no gloves)
Will    +....                   (no boots)
Stlth   ..........              (no amulet)
HPRegen 0.23/turn               p - ring of poison resistance
MPRegen 0.12/turn               (no ring)

@: glowing, lightly drained
A: reduced essence, sense surroundings 2, otherworldly, glowing, explore regen
a: Renounce Religion, Recall Ancestor, Ancestor Identity


You were on level 7 of the Dungeon.
You worshipped Hepliaklqana.
Hepliaklqana was pleased with you.
You visited 2 branches of the dungeon, and saw 8 of its levels.

You collected 427 gold pieces.
You spent 228 gold pieces at shops.

Inventory:

Hand Weapons
 a - a +0 war axe
 l - a +2 dagger of pain
 u - a +2 vampiric scythe
 F - a +1 hand axe of electrocution (weapon)
Missiles
 E - a curare-tipped dart (quivered)
 J - 5 poisoned darts
Armour
 b - a +0 scale mail
 c - a +0 buckler (worn)
 n - a +0 chain mail (worn)
 q - an orb of wrath
Magical Staves
 g - a staff of poison
Jewellery
 p - a ring of poison resistance (left hand)
Wands
 A - a wand of mindburst (9)
 I - a wand of iceblast (4)
Scrolls
 e - a scroll of fog {unknown}
 k - 4 scrolls of identify {unknown}
 o - a scroll of blinking {unknown}
 r - 3 scrolls of silence {unknown}
 s - 5 scrolls of teleportation {unknown}
 t - a scroll of brand weapon {unknown}
 x - 3 scrolls of amnesia {unknown}
 y - a scroll of noise {unknown}
 C - a scroll of fear {unknown}
 D - a scroll of vulnerability {unknown}
 G - a scroll of enchant armour {unknown}
 H - a scroll of magic mapping {unknown}
Potions
 d - a potion of might
 f - 3 potions of heal wounds
 h - 3 potions of lignification
 i - 2 potions of invisibility {unknown}
 j - 2 potions of brilliance {unknown}
 m - a potion of flight {unknown}
 v - a potion of degeneration {unknown}
 w - 2 potions of attraction {unknown}
 z - 6 potions of curing
 B - a potion of haste
 K - a potion of mutation {unknown}


   Skills:
 + Level 11.6 Fighting
 - Level 2.4 Axes
 - Level 8.0 Armour
 - Level 4.0 Shields


You had 8 spell levels left.
You didn't know any spells.
Your spell library contained the following spells:

 Spells                   Type           Power      Damage    Failure   Level
 Slow                     Hex            0%         N/A       98%         1
 Summon Small Mammal      Summ           0%         N/A       98%         1
 Call Canine Familiar     Summ           0%         N/A       100%        3
 Confusing Touch          Hex            0%         N/A       100%        3
 Summon Guardian Golem    Hex/Summ       0%         N/A       100%        3
 Vampiric Draining        Necr           0%         2d6       100%        3


Dungeon Overview and Level Annotations

Branches:
Dungeon (7/15)             Temple (1/1) D:4

Altars:
Cheibriados
Dithmenos
Hepliaklqana
Ru
The Shining One

Shops:
D:3 !

Annotations:
D:5 2 transporters, MechDurjaeses's ghost, novice GnFi


Innate Abilities, Weirdness & Mutations

Your life essence is reduced to manifest your ancestor. (-10% HP)
You passively map the area around you.
You are easily found by Zot.
You glow in the dark.
You regain HP and MP as you explore.


Message History

You hear a shout!
The orc warrior seems less drained.
The orc warrior hits you with a +0 war axe.
* * * LOW HITPOINT WARNING * * *
A kobold comes into view. It is wielding a +0 dagger.
The kobold hits you with a +0 whip.
* * * LOW HITPOINT WARNING * * *
Unknown command.
Unknown command.
You don't know any spells.
You feel much better.
The orc warrior hits you with a +0 war axe!
The kobold hits you but does no damage. x2
The wight hits you with the +5 great mace "Sorchap" {speed, Drain Str+4 Dex+2}!
* * * LOW HITPOINT WARNING * * *
You feel drained.
You feel much better.
The wight hits you with the +5 great mace "Sorchap" {speed, Drain Str+4 Dex+2}!
The orc warrior hits you but does no damage.
The kobold hits you with a +0 short sword.
You block the kobold's attack. You block the wight's attack.
You closely miss the orc warrior.
The orc warrior is severely wounded.
You hit the wight but do no damage. You hit the kobold.
You kill the kobold!
You hit the kobold.
You kill the kobold!
The orc warrior closely misses you.
A wight comes into view. It is wielding a +4 great sword.
The wight barely misses you.
You hit the orc warrior.
The orc warrior is severely wounded.
You hit the wight. Lightning courses through the wight!
You destroy the wight!
You slash the kobold!
You kill the kobold!
The orc warrior hits you with a +0 war axe!!
* * * LOW HITPOINT WARNING * * *
The orc warrior hits you with a +0 war axe!
You die...

.........#.o.........
** ,
......#...#zzz.......
,....##....#.z......##
...# #..#..#....#### *
, ###*#..###.)##### *
#.. ##)z## * #..#
#.))# *,,, ,* #..
##)o## , ..# ##@)# * *
* ##).# , ** * *#....
, * * ...## *#..# * *
#..# *, ...# , ,, ,,,
, , ... ** , * ,, * *
* **,,


You could see an orc warrior and a wight.

Vanquished Creatures
  Sigmund (D:2)
  A water moccasin (D:5)
  An ice beast (D:5)
  A sky beast (D:6)
  An ogre (D:4)
  5 scorpions
  A necrophage (D:6)
  7 wights (D:7)
  2 howler monkeys (D:7)
  An orc priest (D:7)
  4 hounds
  An iguana (D:4)
  2 orc wizards
  11 adders
  A white imp (D:5)
  3 worms
  3 dart slugs
  18 orcs
  A ball python (D:2)
  14 endoplasms
  A giant cockroach (D:2)
  14 goblins
  14 hobgoblins
  6 quokkas
  5 bats
  2 frilled lizards (D:1)
  7 kobolds
  4 rats
132 creatures vanquished.

Vanquished Creatures (collateral kills)
  A sky beast (D:6)
  A bullfrog (D:6)
  A howler monkey (D:7)
  A jelly (D:6)
  An orc priest (D:6)
  An iguana (D:5)
  A hobgoblin (D:6)
  A kobold (D:6)
8 creatures vanquished.

Vanquished Creatures (others)
  A hexer (D:7)
  An ancestor (D:5)
  22 plants (D:6)
24 creatures vanquished.

Grand Total: 164 creatures vanquished

Notes
Turn   | Place    | Note
-------+----------+-------------------------------------------
     0 | D:1      | xSliceyx the Meteoran Fighter began the quest for the Orb.
     0 | D:1      | Reached XP level 1. HP: 19/19 MP: 2/2
   100 | D:1      | Reached XP level 2. HP: 22/26 MP: 3/3
   305 | D:1      | Reached XP level 3. HP: 31/31 MP: 4/4
   474 | D:1      | Found a faded altar of an unknown god.
   485 | D:1      | Glimpsed the power of Zot.
   542 | D:2      | Reached skill level 5 in Armour
   579 | D:2      | Reached XP level 4. HP: 35/38 MP: 5/5
   786 | D:2      | Noticed Sigmund
   840 | D:2      | Killed Sigmund
   841 | D:2      | Reached XP level 5. HP: 16/45 MP: 6/6
   841 | D:2      | Reached XP level 6. HP: 19/51 MP: 7/7
  1676 | D:3      | Glimpsed the power of Zot.
  1692 | D:3      | Found Fefujuj's Distillery.
  1697 | D:3      | Reached XP level 7. HP: 52/58 MP: 8/8
  1702 | D:3      | Bought a potion of haste for 120 gold pieces
  1702 | D:3      | Bought a potion of curing for 36 gold pieces
  1702 | D:3      | Bought a potion of curing for 36 gold pieces
  1702 | D:3      | Bought a potion of lignification for 36 gold pieces
  1726 | D:3      | Glimpsed the power of Zot.
  1757 | D:4      | Found a staircase to the Ecumenical Temple.
  1767 | D:4      | Reached skill level 4 in Fighting
  1773 | Temple   | Entered the Ecumenical Temple
  1784 | Temple   | Became a worshipper of Hepliaklqana the Forgotten
  1867 | D:4      | Reached skill level 5 in Fighting
  2097 | D:4      | Reached skill level 6 in Fighting
  2159 | D:4      | Reached XP level 8. HP: 39/70 MP: 9/9
  2237 | D:4      | Found a snail-covered altar of Cheibriados.
  2281 | D:4      | Glimpsed the power of Zot.
  2330 | D:5      | Entered Level 5 of the Dungeon
  2419 | D:5      | Found a transporter.
  2420 | D:5      | Reached * piety under Hepliaklqana
  2421 | D:5      | Noticed MechDurjaeses's ghost (novice GnFi)
  2424 | D:5      | Found a transporter.
  2695 | D:5      | Reached skill level 7 in Fighting
  2753 | D:5      | Reached skill level 8 in Fighting
  2871 | D:5      | Glimpsed the power of Zot.
  2919 | D:5      | Glimpsed the power of Zot.
  2934 | D:6      | Reached skill level 9 in Fighting
  2958 | D:6      | Gained mutation: You passively map the area around you.
                  | [Meteoran growth]
  2958 | D:6      | Reached XP level 9. HP: 56/74 MP: 10/10
  3068 | D:6      | Found a sacrificial altar of Ru.
  3232 | D:6      | Reached skill level 10 in Fighting
  3242 | D:6      | Reached ** piety under Hepliaklqana
  3243 | D:6      | Remembered your ancestor Jeyser as a hexer
  3461 | D:6      | Glimpsed the power of Zot.
  3552 | D:7      | Reached skill level 11 in Fighting
  3558 | D:7      | Identified the +5 great mace "Sorchap" {speed, Drain Str+4
                  | Dex+2}
  3565 | D:7      | Slain by an orc warrior

Illustrated notes

Levels and vault maps discovered:
D:1:      shiori_arrival_maze, layout_loops_ring, ebering_ecumenical_altar_mist
D:2:      layout_rooms, uniq_sigmund
D:3:      cheibrodos_greedy_goblins, layout_loops_corners, serial_shops, shop
D:4:      layout_cave_pools, cheibrodos_worm_habitat,
          minmay_temple_entry_butterflies, grunt_ministairs_7
D:5:      minmay_chambers_of_threes, layout_loops_corners,
          gammafunk_ghost_smash, minmay_tree_intersection
D:6:      kennysheep_housing_project, layout_loops_ring,
          nicolae_ru_sacrificial_ziggurat
D:7:      layout_cave_pods
Temple:   mainiacjoe_temple_bowtie_tessellation

Skill      XL: |  1  2  3  4  5  6  7  8  9 |
---------------+----------------------------+-----
Armour         | 4 5 7 8 |  8.0
Shields        | 4 |  4.0
Fighting       | 6 9 11 | 11.6
Axes           | |  2.4

Action                   |  1- 3 |  4- 6 |  7- 9 || total
-------------------------+-------+-------+-------++-------
Melee: War axe           |    36 |       |       ||    36
       Dagger            |    34 |   232 |   212 ||   478
       Hand axe          |       |       |   104 ||   104
Throw: Dart              |       |     6 |     6 ||    12
Invok: Recall Ancestor   |       |       |     3 ||     3
       Ancestor Life: He |       |       |     1 ||     1
       Ancestor Identity |       |       |     1 ||     1
Evoke: Wand              |       |       |     8 ||     8
  Use: Potion            |       |     1 |     3 ||     4
 Stab: Distracted        |       |       |     1 ||     1
Armor: Scale mail        |    29 |    49 |       ||    78
       Chain mail        |       |    42 |   149 ||   191
       Skin              |       |       |    33 ||    33
Dodge: Dodged            |    18 |    68 |    77 ||   163
Block: Buckler           |     8 |    44 |    71 ||   123

Table legend: (Time is in decaauts)
 A = Elapsed time spent in this place.
 B = Non-inter-level travel time spent in this place.
 C = Inter-level travel time spent in this place.
 D = Time resting spent in this place.
 E = Time spent auto-exploring this place.
 F = Levels seen in this place.
 G = Mean time per level.
                   A        B        C        D        E       F      G
               +--------+--------+--------+--------+--------+-----+--------+
         Total |   3627 |   3097 |    530 |      0 |    137 |   8 |  453.4 |
       Dungeon |   3607 |   3077 |    530 |      0 |    137 |   7 |  515.3 |
        Temple |     20 |     20 |      0 |      0 |      0 |   1 |   20.0 |
               +--------+--------+--------+--------+--------+-----+--------+

Top non-repeatable levels by time:
     D:3: 825 daAuts
     D:5: 608 daAuts
     D:6: 590 daAuts
     D:4: 568 daAuts
     D:1: 539 daAuts
     D:2: 416 daAuts
     D:7: 59 daAuts
  Temple: 20 daAuts
